Map: Catalyst LE

Players

MaNa - Winner!

  • Race: Protoss Protoss
  • Spawn Location: 5:00

Namshar

  • Race: Zerg Zerg
  • Spawn Location: 11:00

Event: WCS Austin 2018

VOD

Have the link to the VOD?

Description

Time

  • Played on: June 1, 2018, 3:27 p.m.
  • Length: 11:24

All games in this series

Show
View Real Time Build Order
Export as new Build Order

MaNa Protoss - Winner!

Build Orders: 1 Gate Expand, Oracle Opening, Phoenix Opening, Archon Immortal, Mass Phoenix 

Get SALT Encoding   

  12  0:00  Probe  
  13  0:12  Probe  
  14  0:17  Pylon  
  14  0:24  Probe  
  15  0:32  Probe  
  15  0:37  Assimilator  
  15  0:40  Probe  
  16  0:49  Gateway  
  17  0:50  Probe  
  18  0:58  Probe  
  19  1:06  Probe  
  20  1:27  Nexus  
  20  1:37  Cybernetics Core  
  20  1:41  Probe  
  21  1:47  Assimilator  
  21  1:53  Probe  
  22  1:57  Pylon  
  22  2:05  Probe  
  22  2:06  Adept  
  25  2:17  Probe  
  25  2:20  Stargate  
  26  2:26  Warp Gate  
  26  2:27  Adept  
  26  2:29  Probe  
  29  2:39  Probe  
  29  2:41  Probe  
  31  2:51  Adept  
  31  2:52  Probe  
  31  2:53  Probe  
  35  3:04  Probe  
  35  3:05  Phoenix  
  36  3:10  Probe  
  36  3:11  Pylon  
  39  3:20  Oracle  
  39  3:25  Probe x2  
  41  3:30  Gateway  
  44  3:36  Assimilator  
  44  3:37  Probe x2  
  46  3:44  Assimilator  
  46  3:49  Probe x2  
  46  3:53  Stargate  
  46  3:55  Phoenix  
  48  4:01  Probe x2  
  52  4:10  Pylon  
  52  4:13  Probe  
  52  4:14  Probe  
  54  4:23  Pylon  
  54  4:28  Phoenix, Probe x2  
  58  4:32  Phoenix  
  60  4:40  Probe x2  
  60  4:42  Pylon  
  62  4:49  Zealot x2  
  62  4:52  Probe x2  
  68  4:54  Phoenix  
  68  4:58  Pylon  
  70  5:02  Phoenix  
  70  5:13  Zealot x2  
  70  5:14  Phoenix  
  74  5:19  Phoenix  
  76  5:24  Pylon  
  78  5:35  Nexus  
  78  5:39  Phoenix  
  80  5:46  Probe x2  
  80  5:48  Shield Battery  
  82  5:50  Phoenix  
  84  6:04  Phoenix  
  86  6:15  Void Ray  
  92  6:18  Probe x2  
  92  6:20  Robotics Facility  
  92  6:22  Robotics Facility  
  92  6:30  Probe  
  92  6:31  Twilight Council, Probe  
  92  6:32  Forge  
  92  6:42  Probe  
  92  6:43  Probe  
  92  6:46  Pylon  
  94  6:52  Adept x2  
  94  6:53  Probe  
  99  6:54  Probe  
  99  6:55  Probe  
  99  6:59  Charge, Protoss Ground Weapons Level 1  
  101  7:05  Probe  
  101  7:07  Probe  
  101  7:08  Probe  
  104  7:09  Immortal  
  104  7:12  Assimilator, Sentry x2, Observer  
  108  7:17  Probe  
  108  7:18  Assimilator  
  108  7:19  Probe  
  115  7:29  Probe  
  110  7:39  Immortal  
  112  7:47  Probe x2  
  114  7:52  Pylon  
  114  7:54  Gateway, Pylon  
  114  7:56  Gateway, Pylon  
  114  7:58  Gateway  
  114  8:00  Immortal  
  114  8:02  Zealot  
  116  8:10  Gateway  
  116  8:11  Gateway x2  
  116  8:12  Probe x3  
  123  8:20  Templar Archives  
  123  8:23  Warp Prism  
  123  8:24  Probe  
  124  8:29  Gateway x2  
  124  8:32  Gateway, Immortal  
  126  8:46  Psionic Storm  
  126  8:47  Protoss Ground Weapons Level 2  
  128  9:01  Nexus  
  128  9:08  Immortal  
  128  9:09  High Templar x4  
  140  9:17  Forge  
  140  9:19  Observer  
  140  9:20  Pylon  
  140  9:21  Pylon  
  140  9:32  Pylon  
  140  9:33  Pylon  
  140  9:34  Pylon  
  140  9:35  Pylon  
  140  9:36  Pylon  
  140  9:45  High Templar x3  
  140  9:46  Zealot, High Templar  
  140  9:47  Zealot x5  
  140  9:51  Archon x2  
  156  9:56  Immortal  
  158  10:17  Zealot x6  
  158  10:18  Zealot x2  
  158  10:19  High Templar x2  
  158  10:20  High Templar  
  164  10:43  Zealot x6  
  164  10:44  Zealot x2  
  180  10:51  Probe  
  169  10:59  Archon  
  169  11:00  Zealot x2  
  169  11:01  Zealot  
  155  11:05  Zealot x5  
  155  11:06  Zealot x2  
  155  11:07  Probe  
Show
View Real Time Build Order
Export as new Build Order

Namshar Zerg 

Build Orders: Hatch First, Roach Hydra 

Get SALT Encoding   

  12  0:00  Drone  
  13  0:12  Overlord  
  13  0:17  Drone  
  14  0:30  Drone x2  
  16  0:48  Drone x2  
  18  0:56  Drone  
  19  0:59  Hatchery  
  18  1:10  Drone  
  19  1:12  Extractor  
  18  1:19  Spawning Pool  
  18  1:21  Drone  
  18  1:27  Drone  
  19  1:39  Drone  
  20  1:51  Overlord  
  20  2:06  Queen  
  22  2:10  Drone, Queen  
  22  2:11  Metabolic Boost  
  22  2:14  Zergling x2  
  26  2:15  Drone  
  26  2:21  Zergling x2  
  29  2:22  Drone  
  29  2:32  Drone  
  29  2:33  Zergling x2  
  31  2:42  Hatchery  
  30  2:48  Zergling x2  
  31  2:51  Overlord  
  31  2:57  Queen  
  33  3:00  Drone  
  34  3:09  Drone x3  
  37  3:15  Zergling x4  
  39  3:20  Drone x3  
  39  3:26  Spore Crawler  
  40  3:27  Spore Crawler  
  40  3:29  Drone  
  40  3:33  Drone, Queen  
  43  3:38  Overlord  
  43  3:49  Overlord x2  
  43  3:54  Drone x4  
  47  3:56  Drone  
  47  3:58  Drone  
  47  3:59  Drone  
  50  4:04  Overlord  
  50  4:09  Drone x2  
  52  4:10  Drone  
  52  4:14  Queen  
  55  4:19  Drone  
  55  4:20  Drone x2  
  55  4:24  Spore Crawler, Drone  
  57  4:25  Drone x2  
  57  4:26  Drone  
  61  4:34  Drone  
  61  4:35  Drone x4  
  63  4:39  Drone  
  63  4:45  Extractor  
  63  4:46  Drone x3, Roach Warren, Extractor  
  64  4:55  Overlord  
  64  4:56  Overlord  
  64  4:57  Drone x4  
  68  5:04  Zergling x8  
  70  5:11  Drone x2  
  70  5:12  Overlord, Lair  
  72  5:17  Overlord  
  72  5:18  Drone  
  72  5:20  Extractor  
  72  5:22  Extractor  
  70  5:31  Overlord  
  70  5:32  Roach  
  70  5:33  Roach x5  
  82  5:37  Roach x2  
  82  5:42  Drone x4  
  90  5:46  Evolution Chamber  
  89  5:52  Drone x2  
  89  5:55  Roach x2  
  95  6:03  Drone  
  95  6:04  Drone x6  
  102  6:10  Overlord  
  100  6:12  Zerg Missile Weapons Level 1  
  100  6:14  Overlord, Hydralisk Den  
  100  6:17  Overlord  
  99  6:22  Overlord x2  
  99  6:23  Overlord x2  
  99  6:29  Glial Reconstitution  
  93  6:40  Queen x3  
  93  6:41  Overlord, Extractor  
  92  6:48  Overlord, Drone x3  
  92  6:51  Muscular Augments, Hydralisk x4  
  99  6:58  Hydralisk x3  
  99  7:04  Hydralisk x3  
  99  7:07  Hydralisk  
  103  7:10  Hydralisk  
  103  7:15  Hydralisk x3  
  105  7:21  Hydralisk x2  
  107  7:32  Hydralisk x3  
  111  7:39  Drone  
  111  7:40  Drone x2, Queen  
  111  7:44  Hatchery  
  111  7:48  Drone x4  
  114  7:53  Hydralisk  
  114  7:54  Hydralisk x3  
  122  8:01  Drone x2  
  124  8:05  Grooved Spines  
  124  8:12  Hatchery  
  124  8:14  Zerg Missile Weapons Level 2  
  123  8:20  Spore Crawler  
  123  8:26  Hydralisk x7  
  135  8:31  Queen  
  137  8:38  Overlord x2, Drone  
  137  8:39  Lurker Den  
  137  8:41  Overlord  
  124  9:09  Drone x9  
  133  9:10  Hydralisk x4  
  133  9:11  Hydralisk  
  133  9:16  Hydralisk x2  
  147  9:23  Overlord  
  147  9:24  Overlord  
  147  9:26  Drone  
  147  9:27  Infestation Pit, Queen  
  147  9:30  Queen  
  147  9:31  Hydralisk  
  151  9:35  Overseer, Extractor  
  151  9:37  Pneumatized Carapace, Extractor  
  151  9:42  Hydralisk x3  
  157  9:49  Spore Crawler  
  156  9:54  Hydralisk x4  
  164  10:02  Hydralisk x4  
  164  10:17  Hydralisk x5  
  172  10:25  Hydralisk x3  
  161  10:34  Hydralisk x3  
  151  10:49  Hydralisk x5  
  152  10:59  Hydralisk  
Tags
 
Add a new tag
Caveats
  • Supply blocks, unpowered buildings, or Contaminate may cause inaccurate times.
  • Supply counts are checked every 10 seconds.